 Dungeon Crawl Stone Soup version 0.22-a0-422-g9628fc8 (webtiles) character file.

1616 galech the Skirmisher (level 8, -2/67 HPs)
             Began as a Gnoll Wanderer on May 16, 2018.
             Was a Follower of Okawaru.
             Slain by a wight
             ... wielding a +3 battleaxe
              (13 damage)
             ... on level 5 of the Dungeon.
             The game lasted 00:12:27 (5765 turns).

galech the Skirmisher (Gnoll Wanderer)              Turns: 5765, Time: 00:12:27

Health: -2/67      AC:  9    Str: 14    XL:     8   Next: 96%
Magic:  13/13      EV: 14    Int: 15    God:    Okawaru [*.....]
Gold:   208        SH:  0    Dex: 20    Spells: 13/14 levels left

rFire    . . .     SeeInvis +   N - +4 quarterstaff (chaos)
rCold    . . .     Gourm    .   (shield currently unavailable)
rNeg     + + .     Faith    +   I - +1 leather armour of the Bulwark {rN+ MR+ Dex+3} (curse)
rPois    .         Spirit   .   q - +1 helmet {SInv}
rElec    .         Reflect  .   l - +0 cloak
rCorr    +         Harm     .   j - +0 pair of gloves
MR       +....                  (no boots)
Stlth    +++.......             P - amulet of faith
HPRegen  0.21/turn              x - ring of positive energy
MPRegen  0.13/turn              L - ring of resist corrosion

@: drained
A: distributed training, fangs 1, strong nose
a: Heroism, Renounce Religion


You were on level 5 of the Dungeon.
You worshipped Okawaru.
Okawaru was aware of your devotion.
You were not hungry.

You visited 2 branches of the dungeon, and saw 7 of its levels.
You also visited: Sewer.

You collected 208 gold pieces.

Inventory:

Hand Weapons
 c - a +0 hand crossbow
 r - a +1 short sword of draining
 t - a +2 hand axe of electrocution
 J - a +1 flail of protection
 N - a +4 quarterstaff of chaos (weapon)
Missiles
 d - 18 bolts
Armour
 a - a +2 scale mail
 j - a +0 pair of gloves (worn)
 l - a +0 cloak (worn)
 q - a +1 helmet of see invisible (worn)
 I - the cursed +1 leather armour of the Bulwark (worn) {rN+ MR+ Dex+3}
   (You found it on level 5 of the Dungeon)

   It affects your dexterity (+3).
   It protects you from negative energy.
   It affects your resistance to hostile enchantments.
   It has a curse placed upon it.
Jewellery
 n - a +2 amulet of reflection
 x - a ring of positive energy (left hand)
 L - a ring of resist corrosion (right hand)
 P - an amulet of faith (around neck)
Wands
 s - a wand of iceblast (9)
 u - a wand of enslavement (15)
Scrolls
 e - 3 scrolls of fog
 h - 3 scrolls of remove curse
 w - a scroll of fear {unknown}
 y - a scroll of immolation {unknown}
 C - a scroll of enchant weapon {unknown}
 D - 3 scrolls of blinking {unknown}
 E - 3 scrolls of teleportation {unknown}
 F - 2 scrolls of magic mapping
 H - a scroll of enchant armour {unknown}
 K - a scroll of amnesia {unknown}
 M - a scroll of vulnerability {unknown}
 Q - a scroll of identify {unknown}
Potions
 b - 3 potions of heal wounds
 g - 3 potions of haste {unknown}
 i - 2 potions of ambrosia {unknown}
 k - 4 potions of curing {unknown}
 m - 4 potions of magic {unknown}
 o - a potion of berserk rage {unknown}
 p - 5 potions of lignification {unknown}
 v - 2 potions of degeneration {unknown}
 z - a potion of invisibility {unknown}
 A - 4 potions of might
 B - a potion of mutation {unknown}
 O - a potion of agility {unknown}
Comestibles
 f - 9 rations
 G - 7 chunks of flesh


   Skills:
 + Level 7.5 Fighting
 + Level 3.6(3.5) Short Blades
 + Level 3.6(3.5) Long Blades
 + Level 3.6(3.5) Axes
 + Level 3.6(3.5) Maces & Flails
 + Level 3.6(3.5) Polearms
 + Level 3.6(3.5) Staves
 + Level 3.6(3.5) Slings
 + Level 3.6(3.5) Bows
 + Level 4.5(4.4) Crossbows
 + Level 4.5(4.4) Throwing
 + Level 4.5(4.4) Armour
 + Level 3.6(3.5) Dodging
 + Level 3.6(3.5) Stealth
 + Level 3.6(3.5) Shields
 + Level 3.6(3.5) Unarmed Combat
 + Level 3.6(3.5) Spellcasting
 + Level 3.0(2.9) Conjurations
 + Level 3.0(2.9) Hexes
 + Level 3.0(2.9) Charms
 + Level 3.0(2.9) Summonings
 + Level 3.0(2.9) Necromancy
 + Level 3.0(2.9) Translocations
 + Level 3.0(2.9) Transmutations
 + Level 3.0(2.9) Fire Magic
 + Level 3.0(2.9) Ice Magic
 + Level 3.0(2.9) Air Magic
 + Level 6.3(6.2) Earth Magic
 + Level 3.0(2.9) Poison Magic
 + Level 4.0(3.9) Invocations
 + Level 4.5(4.4) Evocations


You had 13 spell levels left.
You knew the following spells:

 Your Spells              Type           Power        Failure   Level  Hunger
a - Flame Tongue          Conj/Fire      ##...        7%          1    None

Your spell library contained the following spells:

 Spells                   Type           Power        Failure   Level  Hunger
 Inner Flame              Hex/Fire       ##......     21%         3    ###....


Dungeon Overview and Level Annotations

Branches:
Dungeon (6/15)             Temple (1/1) D:6

Altars:
Dithmenos
Elyvilon
Fedhas
Gozag
Hepliaklqana
Okawaru
Ru
Sif Muna
Trog


Innate Abilities, Weirdness & Mutations

Your experience applies equally to all skills.
You have very sharp teeth.
Your uncanny sense of smell can sniff out nearby items.


Message History

You can now gain great but temporary skills.
The wight misses you.
Things that are here:
a falchion of freezing; a robe The wight hits you but does no damage.
There is a stone staircase leading up here.
The wight hits you but does no damage.
You climb upwards.
There is a stone staircase leading down here.
You barely miss the wight. You hit the wight.
The wight is moderately damaged.
The wight hits you with an enchanted battleaxe!
You partially resist.
You feel drained.
You hit the wight but do no damage.
The wight seems to speed up.
The wight is moderately damaged.
The wight hits you with an enchanted battleaxe!
* * * LOW HITPOINT WARNING * * *
The wight hits you with an enchanted battleaxe!
You die...

#.#######.# ##
##...##..######.
#.##..##.##....#
##.###^..#....###
#####.## ###.....##
#....## ##....##
###..#
#####.....### ##z#
#............ #@#
#.#..#....... ##.#
#...#........
#..####..#..#......
###..##.#..#...#...
##..#...#...####.
##....#..#.# #.
#....#..#..####.
##......#....##..
##......#..#..##..


You could see a wight.

Vanquished Creatures
  Edmund (D:5)
  Duvessa (D:6)
  A sky beast (D:6)
  2 centaurs
  2 bullfrogs (Sewer)
  Blork the orc (D:5)
  Dowan (D:6)
  A wight (D:6)
  The ghost of 4thArraOfDagon the Skirmisher, a weakling GrBe of Trog (D:3)
  A howler monkey (D:5)
  2 crimson imps (D:5)
  A bullfrog zombie (D:5)
  A jelly (D:5)
  Crazy Yiuf (D:5)
  5 orc priests
  2 orc wizards
  3 worker ants
  Robin (D:2)
  3 gnolls (D:2)
  5 river rats
  9 adders
  An ooze (D:3)
  3 worms
  2 dart slugs
  3 leopard geckos
  34 orcs
  14 ball pythons
  6 bats
  6 giant cockroaches
  13 goblins
  6 hobgoblins
  7 jackals (D:3)
  5 kobolds
  A quokka (D:4)
  8 frilled lizards
  A leopard gecko skeleton (D:4)
  35 rats
  A fungus (D:5)
191 creatures vanquished.

Notes
Turn   | Place    | Note
-------+----------+-------------------------------------------
     0 | D:1      | galech the Gnoll Wanderer began the quest for the Orb.
     0 | D:1      | galech set off with: a +2 scale mail, a +0 hand crossbow, 28 bolts, a ration
     0 | D:1      | Reached XP level 1. HP: 23/23 MP: 2/2
   118 | D:1      | Reached XP level 2. HP: 29/29 MP: 3/3
   653 | D:2      | Reached XP level 3. HP: 35/35 MP: 4/4
   657 | D:2      | Noticed Robin
   671 | D:2      | Killed Robin
   671 | D:2      | Reached skill level 1 in Invocations
   769 | D:2      | Reached skill level 1 in Short Blades
   769 | D:2      | Reached skill level 1 in Long Blades
   769 | D:2      | Reached skill level 1 in Axes
   769 | D:2      | Reached skill level 1 in Maces & Flails
   769 | D:2      | Reached skill level 1 in Polearms
   769 | D:2      | Reached skill level 1 in Staves
   769 | D:2      | Reached skill level 1 in Slings
   769 | D:2      | Reached skill level 1 in Bows
   769 | D:2      | Reached skill level 1 in Dodging
   769 | D:2      | Reached skill level 1 in Stealth
   769 | D:2      | Reached skill level 1 in Shields
   769 | D:2      | Reached skill level 1 in Unarmed Combat
   769 | D:2      | Reached skill level 1 in Spellcasting
   853 | D:2      | Reached XP level 4. HP: 41/41 MP: 6/6
   958 | D:2      | Found an opulent altar of Gozag.
  1157 | D:2      | Reached skill level 1 in Conjurations
  1157 | D:2      | Reached skill level 1 in Hexes
  1157 | D:2      | Reached skill level 1 in Charms
  1157 | D:2      | Reached skill level 1 in Summonings
  1157 | D:2      | Reached skill level 1 in Necromancy
  1157 | D:2      | Reached skill level 1 in Translocations
  1157 | D:2      | Reached skill level 1 in Transmutations
  1157 | D:2      | Reached skill level 1 in Fire Magic
  1157 | D:2      | Reached skill level 1 in Ice Magic
  1157 | D:2      | Reached skill level 1 in Air Magic
  1157 | D:2      | Reached skill level 1 in Poison Magic
  1240 | D:2      | Found a bloodstained altar of Trog.
  1628 | D:3      | Reached XP level 5. HP: 17/47 MP: 7/7
  1905 | D:3      | Noticed 4thArraOfDagon's ghost (weakling GrBe)
  1910 | D:3      | Killed 4thArraOfDagon's ghost
  1944 | D:3      | Reached XP level 6. HP: 53/53 MP: 8/8
  2175 | D:3      | Found a sacrificial altar of Ru.
  2415 | D:3      | Reached XP level 7. HP: 48/59 MP: 10/10
  2469 | D:3      | Found a faded altar of an unknown god.
  2919 | D:4      | Reached skill level 7 in Fighting
  2934 | D:4      | Found a glowing drain.
  3001 | Sewer    | Entered a sewer
  3252 | Sewer    | Learned a level 1 spell: Flame Tongue
  4062 | D:5      | Entered Level 5 of the Dungeon
  4113 | D:5      | Reached XP level 8. HP: 55/67 MP: 12/12
  4285 | D:5      | Noticed Blork the orc
  4297 | D:5      | Killed Blork the orc
  4306 | D:5      | Got a heavily runed leather armour
  4317 | D:5      | Identified the cursed +1 leather armour of the Bulwark {rN+ MR+ Dex+3} (You found it on level 5 of the Dungeon)
  4328 | D:5      | Noticed Edmund
  4415 | D:5      | Killed Edmund
  4899 | D:5      | Found a hazy altar of Hepliaklqana.
  5394 | D:5      | Found a runed door.
  5398 | D:5      | Noticed Crazy Yiuf
  5407 | D:5      | Killed Crazy Yiuf
  5530 | D:6      | Found a staircase to the Ecumenical Temple.
  5554 | Temple   | Entered the Ecumenical Temple
  5573 | Temple   | Became a worshipper of Warmaster Okawaru
  5614 | D:6      | Noticed Duvessa
  5615 | D:6      | Noticed Dowan
  5630 | D:6      | Killed Dowan
  5631 | D:6      | Killed Duvessa
  5723 | D:6      | Reached * piety under Okawaru
  5765 | D:5      | Slain by a wight

Vault maps used:
D:1:      saegor_arrival_simple_e, minmay_split_cup_large
D:2:      lightli_temple_of_fire, grunt_gozag_statues, uniq_robin
D:3:      lemuel_coloured_pillars_altar, chequers_ecumenical_altar_simple,
          first_ration
D:4:      portal_sewer_entry_e, st_stairs_6, kennysheep_generic_room_4
D:5:      nicolae_overflow_crystal_walls, minmay_misc_feat_diagonals,
          uniq_edmund, uniq_crazy_yiuf_cottage, uniq_blork_the_orc
D:6:      minmay_temple_entry_junction_2, uniq_eustachio, uniq_duvessa
Temple:   regret_index_temple_sphere_string
Sewer:    sewer_minmay_w

Skill      XL: |  1  2  3  4  5  6  7  8 |
---------------+-------------------------+-----
Invocations    | 1 2 3 4 |  4.0
Short Blades   | 1 2 3 |  3.6
Long Blades    | 1 2 3 |  3.6
Axes           | 1 2 3 |  3.6
Maces & Flails | 1 2 3 |  3.6
Polearms       | 1 2 3 |  3.6
Staves         | 1 2 3 |  3.6
Slings         | 1 2 3 |  3.6
Bows           | 1 2 3 |  3.6
Dodging        | 1 2 3 |  3.6
Stealth        | 1 2 3 |  3.6
Shields        | 1 2 3 |  3.6
Unarmed Combat | 1 2 3 |  3.6
Spellcasting   | 1 2 3 |  3.6
Conjurations   | 1 2 3 |  3.0
Hexes          | 1 2 3 |  3.0
Charms         | 1 2 3 |  3.0
Summonings     | 1 2 3 |  3.0
Necromancy     | 1 2 3 |  3.0
Translocations | 1 2 3 |  3.0
Transmutations | 1 2 3 |  3.0
Fire Magic     | 1 2 3 |  3.0
Ice Magic      | 1 2 3 |  3.0
Air Magic      | 1 2 3 |  3.0
Poison Magic   | 1 2 3 |  3.0
Crossbows      | 3 4 |  4.5
Throwing       | 3 4 |  4.5
Armour         | 3 4 |  4.5
Evocations     | 3 4 |  4.5
Fighting       | 7 |  7.5
Earth Magic    | 6 |  6.3

Action                   |  1- 3 |  4- 6 |  7- 9 || total
-------------------------+-------+-------+-------++-------
Melee: Hand axe          |       |    38 |   169 ||   207
       Bite              |       |     3 |    31 ||    34
       Punch             |       |       |     3 ||     3
       Flail             |       |       |    41 ||    41
       Quarterstaff      |       |       |    40 ||    40
 Fire: Hand crossbow     |    87 |   106 |       ||   193
 Cast: Flame Tongue      |       |       |     2 ||     2
  Use: Scroll            |     1 |       |     2 ||     3
 Stab: Confused          |       |       |     1 ||     1
       Sleeping          |       |       |     1 ||     1
  Eat: Chunk             |       |     5 |    11 ||    16
Armor: Scale mail        |    25 |    30 |   106 ||   161
       Leather armour    |       |       |    37 ||    37
Dodge: Dodged            |    15 |    49 |   147 ||   211
Block: Other             |     1 |     3 |    19 ||    23

Table legend:
 A = Spawn XP
 B = Non-spawn XP
 C = Spawn XP percentage of total XP
 D = Spawn monster count
 E = Non-spawn monster count
 F = Spawn count percentage of total count
 G = Total turns spent on level
                    A         B        C        D         E        F      G
               +---------+---------+-------+---------+---------+-------+---------
         Total |       0 |    2309 |   0.0 |       0 |     190 |   0.0 |  5765
               +---------+---------+-------+---------+---------+-------+---------
           D:1 |       0 |      31 |   0.0 |       0 |      18 |   0.0 |   646
           D:2 |       0 |     105 |   0.0 |       0 |      27 |   0.0 |  1003
           D:3 |       0 |     504 |   0.0 |       0 |      51 |   0.0 |  1106
           D:4 |       0 |     131 |   0.0 |       0 |      20 |   0.0 |   735
           D:5 |       0 |     742 |   0.0 |       0 |      16 |   0.0 |  1330
           D:6 |       0 |     442 |   0.0 |       0 |      10 |   0.0 |   268
         Sewer |       0 |     354 |   0.0 |       0 |      48 |   0.0 |   641
               +---------+---------+-------+---------+---------+-------+---------
